[Event "Titled Tuesday Blitz July 26 Early 2022"]
[White "Shimanov, Aleksandr"]
[Black "Timofeev, Artyom"]
[WhiteFideId "4198603"]
[BlackFideId "4140419"]
[WhiteElo "2605"]
[BlackElo "2578"]
[Result "0-1"]
[Round "11"]
[TimeControl "180+1"]
[Date "2022.07.26"]
[WhiteClock "0:00:01"]
[BlackClock "0:00:15"]

1. e4 c6 2. Nf3 d5 3. exd5 cxd5 4. Ne5 Bd7 5. d4 Nc6 6. c3 Nf6 7. Bd3 g6 8. O-O Bg7 9. Nxc6 Bxc6 10. Bf4 O-O 11. Nd2 b5 12. a3 Nd7 13. Re1 e6 14. Qe2 Qb6 15. Nf3 a5 16. b4 axb4 17. axb4 Ra4 18. Bc2 Ra6 19. Rxa6 Qxa6 20. h4 Qa3 21. Rc1 Nf6 22. Ne5 Rc8 23. Bd3 Be8 24. Bd2 Qa2 25. Be1 Qxe2 26. Bxe2 Ne4 27. f3 Nd6 28. g4 f6 29. Nd3 e5 30. Nc5 exd4 31. cxd4 Nc4 32. Ra1 Bc6 33. Bf2 Ra8 34. Rxa8+ Bxa8 35. Bd3 Kf7 36. Kg2 Bc6 37. f4 Bf8 38. Kg3 Nd6 39. Be3 Ne4+ 40. Nxe4 dxe4 41. Bc2 Bd5 42. f5 Bxb4 43. fxg6+ hxg6 44. Bf4 Be1+ 45. Kg2 Bxh4 46. Kf1 Bc4+ 47. Kg2 f5 48. g5 Be1 49. Bd1 Bc3 50. Be5 Ke6 51. Kf2 Kd5 52. Ke3 Bb2 53. Kd2 Bxd4 54. Bf4 Be5 55. Be3 f4 56. Ba7 e3+ 57. Kc2 Ke4 58. Bg4 f3 59. Bc8 f2 60. Bb7+ Kf4 61. Bg2 f1=Q 62. Bxf1 Bxf1 63. Kb3 Bc4+ 64. Ka3 e2 65. Bf2 Kxg5 66. Be1 Kf5 67. Bd2 Ke4 68. Bb4 g5 69. Be1 g4 70. Bf2 g3 71. Be1 g2 72. Bf2 g1=Q 0-1


[Site "https://www.chess.com"]

[Event "Titled Tuesday Blitz July 26 Early 2022"]
[White "Shohat, Yotam"]
[Black "Csonka, Balazs"]
[WhiteFideId "2813955"]
[BlackFideId "742910"]
[WhiteElo "2119"]
[BlackElo "2404"]
[Result "1-0"]
[Round "11"]
[TimeControl "180+1"]
[Date "2022.07.26"]
[WhiteClock "0:00:14"]
[BlackClock "0:00:18"]

1. e4 e6 2. d4 d5 3. Nc3 Bb4 4. e5 c5 5. a3 Ba5 6. b4 cxd4 7. Qg4 Kf8 8. bxa5 dxc3 9. a4 Nc6 10. Nf3 Nge7 11. Bd3 Qxa5 12. O-O Qc7 13. Ba3 Nxe5 14. Nxe5 Qxe5 15. Rae1 Qc7 16. f4 e5 17. Qg5 Qb6+ 18. Kh1 Qf6 19. Rxe5 Qxg5 20. fxg5 Be6 21. Rxe6 Re8 22. Rxe7 Rxe7 23. Re1 1-0


[Site "https://www.chess.com"]

[Event "Titled Tuesday Blitz July 26 Early 2022"]
[White "Shtyka, Sergey"]
[Black "Schwabeneder, Florian"]
[WhiteFideId "4138465"]
[BlackFideId "1626191"]
[WhiteElo "1995"]
[BlackElo "2275"]
[Result "0-1"]
[Round "11"]
[TimeControl "180+1"]
[Date "2022.07.26"]
[WhiteClock "0:00:11"]
[BlackClock "0:00:21"]

1. e4 e6 2. Nf3 c5 3. d4 cxd4 4. Nxd4 a6 5. Nc3 Nc6 6. Be3 Nf6 7. Bd3 d5 8. exd5 Nxd5 9. Nxd5 Qxd5 10. O-O Nxd4 11. Bxd4 Bd7 12. Be2 Bc6 13. Bf3 Qd6 14. Bxc6+ Qxc6 15. Qg4 O-O-O 16. c3 h5 17. Qf4 f6 18. Rfe1 e5 19. Qf5+ Qd7 20. Qxd7+ Rxd7 21. Be3 Be7 22. Rad1 Rhd8 23. Rxd7 Rxd7 24. Kf1 Rd5 25. Ke2 Kd7 26. Rd1 Ke6 27. Rxd5 Kxd5 28. f3 f5 29. Kd3 b5 30. Ba7 e4+ 31. fxe4+ fxe4+ 32. Ke2 Bg5 33. Be3 Bf6 34. h3 g6 35. Kd2 a5 36. Ke2 a4 37. Kd2 Be5 38. b3 Bd6 39. Kc2 Bc7 40. Kb2 Ba5 41. Kc2 Ke5 42. Kb2 Kf5 43. Kc2 Bc7 44. Kb2 g5 45. bxa4 bxa4 46. Ka3 Bf4 47. Bf2 e3 48. Be1 h4 49. Kxa4 Bg3 0-1


[Site "https://www.chess.com"]

[Event "Titled Tuesday Blitz July 26 Early 2022"]
[White "Shvedova, Alexandra"]
[Black "Narva, Mai"]
[WhiteFideId "54154782"]
[BlackFideId "4500512"]
[WhiteElo "1896"]
[BlackElo "2152"]
[Result "1/2-1/2"]
[Round "11"]
[TimeControl "180+1"]
[Date "2022.07.26"]
[WhiteClock "0:00:06"]
[BlackClock "0:00:13"]

1. d4 g6 2. c4 Bg7 3. Nc3 c6 4. e4 d6 5. Nf3 Nf6 6. h3 O-O 7. Be3 Nbd7 8. Be2 e5 9. O-O Re8 10. d5 Nc5 11. Qc2 Qc7 12. b4 Ncd7 13. Rfd1 cxd5 14. cxd5 a6 15. Rac1 b5 16. a4 Bb7 17. axb5 axb5 18. Bxb5 Rec8 19. Qb2 Qb8 20. Bd3 Ba6 21. b5 Nc5 22. Bb1 Rc7 23. Qe2 Bc8 24. Nxe5 Nb3 25. Nc6 Nxc1 26. Rxc1 Qb7 27. Bd3 Bd7 28. b6 Rxc6 29. dxc6 Bxc6 30. f3 Nd7 31. Nb5 Nxb6 32. Nxd6 Qd7 33. Nxf7 Na4 34. Nh6+ Kh8 35. Ng4 Nc3 36. Qf1 h5 37. Nf2 Ra2 38. Bc4 Rb2 39. Kh1 Qd6 40. Qe1 Qb4 41. Nd3 Qxc4 42. Nxb2 Qb3 43. Nd3 Bb5 44. Nf4 Kh7 45. Bd2 Na2 46. Rb1 Qc4 47. Qg3 Be8 48. Re1 Qc2 49. Qf2 Nb4 50. Qe3 Nc6 51. Ne6 Qc4 52. Nxg7 Kxg7 53. Qh6+ Kg8 54. Qf4 Bf7 55. e5 Qe6 56. Qe3 Ne7 57. f4 Nd5 58. Qf3 Qf5 59. Bc1 h4 60. e6 Bxe6 61. Re5 Qf6 62. Rxd5 Bxd5 63. Qxd5+ Kh7 64. Qd7+ Kh6 65. f5+ g5 66. Qe6 Kg7 67. Qxf6+ Kxf6 68. Kg1 Kxf5 69. Kf2 g4 70. hxg4+ Kxg4 71. Ba3 h3 72. g3 h2 73. Kg2 h1=Q+ 74. Kxh1 Kxg3 1/2-1/2


[Site "https://www.chess.com"]

[Event "Titled Tuesday Blitz July 26 Early 2022"]
[White "Silvestre, Christian"]
[Black "Tong, Hai Anh"]
[WhiteFideId "30956269"]
[BlackFideId "12412805"]
[WhiteElo "2357"]
[BlackElo "1467"]
[Result "1-0"]
[Round "11"]
[TimeControl "180+1"]
[Date "2022.07.27"]
[WhiteClock "0:00:03"]
[BlackClock "0:00:06"]

1. Nf3 c6 2. c4 d5 3. e3 Nf6 4. b3 Bg4 5. cxd5 cxd5 6. Be2 e6 7. Bb2 Nc6 8. O-O Be7 9. h3 Bh5 10. d3 O-O 11. Nbd2 Rc8 12. a3 Bd6 13. b4 a6 14. Rc1 Qe7 15. d4 Rfd8 16. Nb3 Ne4 17. Nc5 f5 18. Qa4 a5 19. b5 Nb8 20. Qxa5 Bxc5 21. dxc5 Nxc5 22. Qb4 b6 23. Rfe1 Qe8 24. Qd4 Qe7 25. Qb4 Nbd7 26. Nd4 Bxe2 27. Rxe2 Ne5 28. Rd2 Rd7 29. a4 Nc4 30. Rxc4 dxc4 31. Qxc4 Re8 32. Nc6 Rxd2 33. Nxe7+ Rxe7 34. Bd4 Ne4 35. a5 bxa5 36. b6 Rd1+ 37. Kh2 Nxf2 38. b7 Rh1+ 39. Kg3 Ne4+ 40. Kf4 Rb1 41. Qc8+ Kf7 42. b8=Q g5+ 43. Kf3 Rxb8 44. Qxb8 Rd7 45. Qh8 Kg6 46. Qg8+ Kh5 47. Qe8+ Kh6 48. Qxd7 Kh5 49. Qa7 h6 50. Qg7 a4 51. Qa7 Kh4 52. g4 h5 53. gxh5 a3 54. Qa4 Kxh5 55. Qxa3 Kh4 56. Qa8 g4+ 57. hxg4 Ng5+ 58. Ke2 fxg4 59. Qh8+ Kg3 60. Qe5+ Kh4 61. Qf6 Kh5 62. Qxg5+ Kxg5 63. Kf2 Kf5 64. Ba7 Kg5 65. Kg3 Kf5 66. Bb8 Kg5 67. Bf4+ Kf5 68. Bb8 Kg5 69. Bf4+ Kf5 70. Kh4 e5 71. Bh6 Kg6 72. Bf8 Kf5 73. Bc5 1-0


[Site "https://www.chess.com"]

[Event "Titled Tuesday Blitz July 26 Early 2022"]
[White "Stanisz, Patryk"]
[Black "Leenhouts, Koen"]
[WhiteFideId "1123106"]
[BlackFideId "1008439"]
[WhiteElo "1833"]
[BlackElo "2409"]
[Result "0-1"]
[Round "11"]
[TimeControl "180+1"]
[Date "2022.07.27"]
[WhiteClock "0:00:27"]
[BlackClock "0:00:24"]

1. d4 Nf6 2. c4 e6 3. Nc3 d5 4. Nf3 dxc4 5. e3 Bb4 6. Bxc4 O-O 7. O-O c5 8. a3 Bxc3 9. bxc3 Nc6 10. Qe2 Qc7 11. a4 b6 12. Bd3 Bb7 13. e4 e5 14. dxe5 Nxe5 15. Nxe5 Qxe5 16. f4 Qe7 17. e5 Nd5 18. Bb2 f5 19. exf6 Qxe2 20. Bxe2 Nxf6 21. Bc4+ Kh8 22. Be6 Bd5 23. Rae1 Rfe8 24. Bxd5 Nxd5 25. c4 Ne3 26. Rf2 Nxc4 27. Be5 Rad8 28. Rf3 Nxe5 29. fxe5 Kg8 30. e6 Re7 31. a5 g6 32. axb6 axb6 33. g4 Rd6 34. g5 Rdxe6 35. Rd1 Re1+ 36. Rxe1 Rxe1+ 37. Kf2 Re5 38. h4 Rf5 39. Rxf5 gxf5 40. Kf3 b5 41. Kf4 b4 42. Kxf5 b3 0-1


[Site "https://www.chess.com"]

[Event "Titled Tuesday Blitz July 26 Early 2022"]
[White "Terletsky, Oleg"]
[Black "Zemlyanskii, Ivan"]
[WhiteFideId "14116774"]
[BlackFideId "24249971"]
[WhiteElo "1988"]
[BlackElo "1815"]
[Result "0-1"]
[Round "11"]
[TimeControl "180+1"]
[Date "2022.07.27"]
[WhiteClock "0:00:03"]
[BlackClock "0:00:36"]

1. e4 c5 2. Nf3 e6 3. d4 cxd4 4. Nxd4 Nf6 5. Nc3 Nc6 6. Ndb5 Bc5 7. Bf4 O-O 8. Bc7 Qe7 9. Bd6 Bxd6 10. Qxd6 Qd8 11. Be2 a6 12. Nc7 Rb8 13. O-O-O b5 14. e5 Ng4 15. Bxg4 Qg5+ 16. Kb1 Qxg4 17. f3 Qg5 18. Ne4 Qxe5 19. Rhe1 Rb6 20. Qxe5 Nxe5 21. Nd6 Nc4 22. Nce8 Nxd6 23. Nxd6 Bb7 24. Nxb7 Rxb7 25. Rd6 Ra8 26. Red1 Raa7 27. Rc1 Kf8 28. c4 bxc4 29. Rxc4 Ke7 30. Rcd4 a5 31. Rd2 Rb5 32. a3 Rab7 33. R6d4 d5 34. f4 Kd6 35. g3 f6 36. Ka2 e5 37. fxe5+ fxe5 38. Rh4 h6 39. Rg4 Ke6 40. Rf2 d4 41. Rg6+ Kd5 42. Re2 e4 43. Ra6 d3 0-1


[Site "https://www.chess.com"]

[Event "Titled Tuesday Blitz July 26 Early 2022"]
[White "Tica, Sven"]
[Black "Demin, Vladimir"]
[WhiteFideId "14526948"]
[BlackFideId "4167457"]
[WhiteElo "2346"]
[BlackElo "2434"]
[Result "0-1"]
[Round "11"]
[TimeControl "180+1"]
[Date "2022.07.27"]
[WhiteClock "0:00:48"]
[BlackClock "0:00:40"]

1. e4 Nf6 2. e5 Nd5 3. d4 d6 4. c4 Nb6 5. f4 dxe5 6. fxe5 Bf5 7. Be3 e6 8. Nc3 Bb4 9. Be2 c5 10. Nf3 Nc6 11. a3 Bxc3+ 12. bxc3 O-O 13. O-O Na5 14. Nd2 Bg6 15. Qe1 Rc8 16. Rc1 Qe7 17. h4 h6 18. h5 Bh7 19. Qg3 Kh8 20. Rf4 cxd4 21. cxd4 Qxa3 22. Rg4 Qxc1+ 23. Kh2 Rg8 24. Qf2 Bf5 25. Rf4 Qc2 26. g4 Bh7 27. Rxf7 Naxc4 28. Bxh6 Nxd2 29. Bxg7+ Rxg7 30. Qf6 Rg8 31. h6 Qg6 32. hxg7+ Rxg7 33. Rf8+ Bg8 34. Rxg8+ Kxg8 35. Qd8+ Kh7 36. Bd3 Qxd3 37. Qh4+ Kg8 38. Qd8+ Kf7 39. Qf6+ Ke8 40. Qxg7 Qe2+ 41. Kg3 Qf3+ 42. Kh4 Qf2+ 43. Kh5 Qf7+ 0-1


[Site "https://www.chess.com"]

[Event "Titled Tuesday Blitz July 26 Early 2022"]
[White "Todorovic, Bojan"]
[Black "Gheorghiu, Calin"]
[WhiteFideId "917087"]
[BlackFideId "1200305"]
[WhiteElo "2266"]
[BlackElo "2168"]
[Result "1/2-1/2"]
[Round "11"]
[TimeControl "180+1"]
[Date "2022.07.27"]
[WhiteClock "0:00:16"]
[BlackClock "0:00:09"]

1. d4 g6 2. c4 Bg7 3. Nf3 d5 4. cxd5 Nf6 5. Nc3 Nxd5 6. Bd2 O-O 7. e4 Nxc3 8. Bxc3 c5 9. d5 Bg4 10. h3 Bxf3 11. Qxf3 Nd7 12. Bc4 Bxc3+ 13. Qxc3 a6 14. O-O b5 15. Bb3 c4 16. Bc2 Qc7 17. b4 a5 18. a4 bxa4 19. Rxa4 axb4 20. Rxb4 Rfc8 21. Rfb1 Rab8 22. Rxb8 Rxb8 23. Rxb8+ Nxb8 24. Ba4 Na6 25. Bb5 Nc5 26. Qxc4 Qa7 27. g3 Qa3 28. Kg2 Kg7 29. e5 Nb7 30. Bc6 Na5 31. Qd4 Qc1 32. Bb5 Nb3 33. Qe3 Qd1 34. Bc4 Nd2 35. Ba2 Qf1+ 36. Kh2 Qd1 37. Kg2 Qf1+ 38. Kh2 Qd1 39. Kg2 1/2-1/2


[Site "https://www.chess.com"]

[Event "Titled Tuesday Blitz July 26 Early 2022"]
[White "Vachylia, Andrii"]
[Black "Yuan, Qingyu"]
[WhiteFideId "14137224"]
[BlackFideId "8609772"]
[WhiteElo "2318"]
[BlackElo "2359"]
[Result "1-0"]
[Round "11"]
[TimeControl "180+1"]
[Date "2022.07.26"]
[WhiteClock "0:00:24"]
[BlackClock "0:00:07"]

1. e4 c6 2. d4 d5 3. Nc3 dxe4 4. Nxe4 Nf6 5. Nxf6+ exf6 6. c3 Bd6 7. Bd3 O-O 8. Qc2 Re8+ 9. Ne2 h5 10. Be3 Nd7 11. Ng3 Nb6 12. O-O Nd5 13. Bd2 h4 14. Nf5 Bxf5 15. Bxf5 Qc7 16. h3 Bh2+ 17. Kh1 Bf4 18. Rae1 g6 19. Bg4 f5 20. Bf3 Nf6 21. c4 Bxd2 22. Qxd2 Kg7 23. Qg5 Qb6 24. Qxh4 Qxb2 25. Rb1 Qxa2 26. d5 cxd5 27. cxd5 Re7 28. d6 Rd7 29. Rxb7 Rxb7 30. Bxb7 Rd8 31. Qd4 a5 32. g4 Qb3 33. Bg2 fxg4 34. hxg4 Qb4 35. Rd1 Qxd4 36. Rxd4 a4 37. g5 Nh5 38. Bc6 a3 39. d7 f6 40. gxf6+ Nxf6 41. Ra4 Nxd7 42. Ra7 Kf6 43. Bxd7 a2 44. Bg4 Rd4 45. Bf3 Rd2 46. Kg2 Ke5 47. Kg3 Kd4 48. Bg4 Ke5 49. Ra6 g5 50. Bh5 Rd3+ 51. f3 Rd2 52. Bf7 Kf5 53. Be6+ Ke5 54. Bxa2 Rb2 55. Ra5+ Kf6 56. Bd5 Rb4 57. Be4 Rc4 58. Rf5+ Ke6 59. Bd5+ Kxf5 60. Bxc4 Kf6 61. Kg4 Kg6 62. Bd3+ Kh6 63. Bf5 Kg7 64. Kxg5 Kf7 65. Bg6+ Kg7 66. f4 Kh8 67. Kf6 Kg8 68. f5 Kf8 69. Bh5 Kg8 70. Bf3 Kf8 71. Bd5 Ke8 72. Kg7 Ke7 73. f6+ Kd6 74. f7 Kxd5 75. f8=Q Ke5 76. Qf6+ Kd5 77. Kg6 Ke4 78. Qf5+ Ke3 79. Kg5 Kd4 80. Kf4 Kc3 81. Qd5 Kb4 82. Ke3 Ka4 83. Qb7 Ka5 84. Kd3 Ka4 85. Kc4 Ka3 86. Qb3# 1-0


[Site "https://www.chess.com"]

[Event "Titled Tuesday Blitz July 26 Early 2022"]
[White "Vifleemskaia, Svetlana"]
[Black "Olivares Olivares, Claudio"]
[WhiteFideId "4129490"]
[BlackFideId "3400786"]
[WhiteElo "1929"]
[BlackElo "2249"]
[Result "1/2-1/2"]
[Round "11"]
[TimeControl "180+1"]
[Date "2022.07.27"]
[WhiteClock "0:00:06"]
[BlackClock "0:00:03"]

1. d4 Nf6 2. c4 e6 3. Nc3 d5 4. cxd5 exd5 5. Bg5 h6 6. Bh4 c6 7. e3 Bf5 8. Qf3 Bg6 9. Bxf6 gxf6 10. h4 h5 11. Nh3 Nd7 12. Nf4 Bd6 13. Nxg6 fxg6 14. Bd3 f5 15. O-O-O Nf6 16. Kb1 b5 17. Ne2 O-O 18. Nf4 Bxf4 19. Qxf4 Qb8 20. Qh6 Kf7 21. f3 Qg3 22. Qf4 Qxf4 23. exf4 Rfe8 24. Rhe1 Rxe1 25. Rxe1 Re8 26. Re5 Nd7 27. Rxe8 Kxe8 28. Kc2 Ke7 29. Kd2 a5 30. b3 Nf8 31. Ke3 Ne6 32. g4 Kf6 33. Be2 b4 34. gxh5 gxh5 35. Ba6 Nc7 36. Bb7 Nb5 37. Bxc6 Nc3 38. Bb7 Ke7 39. Bc8 Kf6 40. Bb7 Kf7 41. Bc8 Nxa2 42. Bxf5 Nc3 43. Bd7 Kf6 44. Be8 Ke7 45. Bxh5 a4 46. bxa4 Nxa4 47. Kd2 Nc3 48. Bg6 Kf6 49. Bc2 Nb5 50. Kd3 Kg6 51. Bb3 Nc7 52. Bc2 Kh5 53. Ke3 Kxh4 54. Bf5 Kh5 55. Bd7 Kh6 56. f5 Kg5 57. f4+ Kf6 58. Kd3 Na8 59. Kc2 Nb6 60. Bc6 Kxf5 61. Kb3 Kxf4 62. Kxb4 Ke3 63. Kc5 Nc4 64. Bxd5 Nd2 65. Bc6 Nb3+ 66. Kc4 Nxd4 1/2-1/2


[Site "https://www.chess.com"]

[Event "Titled Tuesday Blitz July 26 Early 2022"]
[White "Vlassov, Nikolai"]
[Black "Derjabin, Ilja"]
[WhiteFideId "4103360"]
[BlackFideId "14104768"]
[WhiteElo "2324"]
[BlackElo "2341"]
[Result "1-0"]
[Round "11"]
[TimeControl "180+1"]
[Date "2022.07.27"]
[WhiteClock "0:00:28"]
[BlackClock "0:00:19"]

1. e4 e6 2. c4 d5 3. cxd5 exd5 4. Qb3 c6 5. Nc3 Nf6 6. e5 Nfd7 7. d4 Be7 8. Bd3 Nf8 9. f4 g6 10. Nf3 Na6 11. O-O Nb4 12. Bb1 b5 13. a3 Na6 14. Be3 Ne6 15. f5 gxf5 16. Bxf5 Rg8 17. Bxh7 Rg7 18. Bd3 Qb6 19. Rac1 Bd7 20. Ne2 Nac7 21. Qd1 O-O-O 22. b4 Rdg8 23. Ne1 Bg5 24. Bxg5 Rxg5 25. Bf5 Rxf5 26. Rxf5 Nxd4 27. Nxd4 Ne6 28. Nf3 Nxd4 29. Nxd4 Kb8 30. Rf2 Rg4 31. Rc5 Re4 32. Rxf7 Bg4 33. Qd2 Qd8 34. Nxc6+ 1-0


[Site "https://www.chess.com"]

[Event "Titled Tuesday Blitz July 26 Early 2022"]
[White "Vovk, Orest"]
[Black "Srihari L R"]
[WhiteFideId "14113490"]
[BlackFideId "46617116"]
[WhiteElo "2203"]
[BlackElo "2170"]
[Result "0-1"]
[Round "11"]
[TimeControl "180+1"]
[Date "2022.07.26"]
[WhiteClock "0:00:05"]
[BlackClock "0:00:42"]

1. h3 d5 2. e4 dxe4 3. Nc3 Nf6 4. Qe2 Nc6 5. Nxe4 Nd4 6. Nxf6+ gxf6 7. Qd1 Bf5 8. d3 Qd7 9. Be3 O-O-O 10. Nf3 e5 11. g4 Qc6 12. Bxd4 exd4 13. Bg2 Bb4+ 14. Kf1 Be6 15. Nxd4 Qb6 16. Nxe6 fxe6 17. c3 Bc5 18. Qb3 Rxd3 19. Qxb6 Bxb6 20. Ke2 Rhd8 21. Rhd1 Rxd1 22. Rxd1 Rxd1 23. Kxd1 Bxf2 24. Be4 h6 25. Ke2 Bg3 26. Kf3 Bh4 27. b3 b6 28. Bc6 Kd8 29. b4 Be1 30. b5 Bxc3 31. Ke4 Ke7 32. Kd3 Be1 33. Ke2 Bh4 34. Kd3 Kd6 35. Kd4 a6 36. a4 a5 37. Be8 f5 38. gxf5 exf5 39. Bg6 Bf2+ 40. Kd3 Ke5 41. Ke2 Bc5 42. Kf3 Bd6 43. Bh7 Kf6 44. Bg8 Kg5 45. Be6 h5 46. Bd7 h4 47. Be6 Kf6 48. Bd7 Ke5 49. Bc8 Be7 50. Bb7 Bg5 51. Bc8 Bh6 52. Bb7 Kd4 53. Bc8 Kc3 54. Bxf5 Kb3 55. Ke2 Kxa4 56. Bd7 Kb3 57. Kd3 a4 58. Be6+ Kb2 59. Kc4 a3 0-1


[Site "https://www.chess.com"]

[Event "Titled Tuesday Blitz July 26 Early 2022"]
[White "Xu, Yi"]
[Black "Munkhgal, Gombosuren"]
[WhiteFideId "8605564"]
[BlackFideId "4901266"]
[WhiteElo "2471"]
[BlackElo "2576"]
[Result "1-0"]
[Round "11"]
[TimeControl "180+1"]
[Date "2022.07.26"]
[WhiteClock "0:00:21"]
[BlackClock "0:00:15"]

1. e4 d6 2. d4 Nf6 3. Nc3 g6 4. f4 Bg7 5. Bd3 O-O 6. Nf3 Nc6 7. e5 dxe5 8. fxe5 Nh5 9. Be2 Bg4 10. Be3 f6 11. exf6 exf6 12. O-O Re8 13. Bc4+ Kh8 14. Qd2 Ne7 15. h3 Nf5 16. hxg4 Nxe3 17. gxh5 Nxc4 18. Qd3 Ne3 19. Rfe1 Nf5 20. hxg6 hxg6 21. g4 Ne7 22. Kg2 c6 23. Re6 Nd5 24. Nxd5 Qxd5 25. Rxe8+ Rxe8 26. Qxg6 Re2+ 27. Kg3 Qd6+ 28. Ne5 Rxe5 29. dxe5 Qxe5+ 30. Kf3 Qh2 31. Qh5+ Qxh5 32. gxh5 f5 33. c3 Be5 34. Rd1 Kh7 35. Rd7+ Kh6 36. Rxb7 Kxh5 37. Rxa7 1-0


[Site "https://www.chess.com"]

[Event "Titled Tuesday Blitz July 26 Early 2022"]
[White "Yeremyan, Alen"]
[Black "Toncheva, Nadya"]
[WhiteFideId "13308998"]
[BlackFideId "2924056"]
[WhiteElo "2158"]
[BlackElo "1888"]
[Result "1-0"]
[Round "11"]
[TimeControl "180+1"]
[Date "2022.07.26"]
[WhiteClock "0:00:34"]
[BlackClock "0:00:06"]

1. g3 c5 2. Bg2 Nc6 3. c4 g6 4. Nc3 Bg7 5. e3 e6 6. Nge2 Nge7 7. O-O O-O 8. d4 cxd4 9. Nxd4 Nxd4 10. exd4 d5 11. cxd5 exd5 12. Bg5 Be6 13. Bxe7 Qxe7 14. Nxd5 Bxd5 15. Bxd5 Rfd8 16. Qf3 Bxd4 17. Rad1 Bxb2 18. Rb1 Qf6 19. Bxf7+ Qxf7 20. Qxf7+ Kxf7 21. Rxb2 b6 22. Rb3 Rd6 23. Rc1 Rad8 24. Kg2 R8d7 25. Rc8 Rd2 26. a3 Re2 27. Rf3+ Kg7 28. h4 Re5 29. g4 h6 30. Rff8 Re6 31. Rg8+ Kf6 32. Rcf8+ Ke5 33. Rh8 Rd4 34. f3 Ra4 35. Rxh6 Rxa3 36. h5 gxh5 37. Rxh5+ Kd6 38. g5 a5 39. Rh6 Rb3 40. Rxe6+ Kxe6 41. g6 Rb5 42. f4 Rb2+ 43. Kf3 Ke7 44. g7 Rb3+ 45. Ke4 Rb4+ 46. Kd3 Rb3+ 47. Kc4 Rg3 48. g8=Q Rxg8 49. Rxg8 1-0


[Site "https://www.chess.com"]

[Event "Titled Tuesday Blitz July 26 Early 2022"]
[White "Zheenbekov, Nurgazy"]
[Black "Simonovic, Miroslav"]
[WhiteFideId "13800485"]
[BlackFideId "919152"]
[WhiteElo "1932"]
[BlackElo "2043"]
[Result "1-0"]
[Round "11"]
[TimeControl "180+1"]
[Date "2022.07.27"]
[WhiteClock "0:00:07"]
[BlackClock "0:00:02"]

1. e4 c5 2. Nf3 Nc6 3. Bb5 g6 4. Bxc6 dxc6 5. O-O Bg7 6. d3 e5 7. h3 Ne7 8. Be3 b6 9. Qc1 h6 10. a3 Be6 11. Nbd2 Qc7 12. b4 cxb4 13. axb4 f5 14. Nc4 Bxc4 15. dxc4 f4 16. Bd2 O-O 17. Bc3 g5 18. Qb2 Ng6 19. Rfd1 Rfd8 20. Qb3 Kh7 21. c5 bxc5 22. bxc5 Qe7 23. Qc4 h5 24. Rxd8 Rxd8 25. Ba5 Rd7 26. Rb1 g4 27. hxg4 hxg4 28. Nh2 g3 29. fxg3 fxg3 30. Nf3 Nf4 31. Bd2 Bh6 32. Rb8 Qf7 33. Qxf7+ Rxf7 34. Bxf4 Bxf4 35. Kf1 Rd7 36. Ke2 Rc7 37. Ra8 Kg6 38. Nh4+ Kf6 39. Nf5 Bg5 40. Nxg3 Bf4 41. Nf5 Kg5 42. Nd6 Kg4 43. Rg8+ Kh4 44. Kf3 1-0


[Site "https://www.chess.com"]

[Event "Titled Tuesday Blitz July 26 Early 2022"]
[White "Zhigalko, Sergei"]
[Black "Richter, Nils"]
[WhiteFideId "13502956"]
[BlackFideId "12990809"]
[WhiteElo "2662"]
[BlackElo "2311"]
[Result "1-0"]
[Round "11"]
[TimeControl "180+1"]
[Date "2022.07.26"]
[WhiteClock "0:00:06"]
[BlackClock "0:00:04"]

1. e4 c5 2. Nf3 d6 3. d4 cxd4 4. Qxd4 Nc6 5. Bb5 Bd7 6. Bxc6 Bxc6 7. Nc3 Nf6 8. Bg5 e6 9. O-O-O h6 10. Bh4 Be7 11. Rhe1 Qc7 12. Kb1 O-O 13. Qd3 b5 14. Nd4 b4 15. Ncb5 Qb6 16. Nxc6 Qxc6 17. Nxd6 Rfd8 18. e5 Nd5 19. Bxe7 Nxe7 20. Re4 a5 21. Qc4 Qb6 22. Qd4 Qc6 23. Rd3 a4 24. Qxb4 Nd5 25. Qc4 Qb6 26. Qd4 Qc6 27. a3 Rab8 28. Kc1 Rd7 29. Qxa4 Qc7 30. Rc4 Qd8 31. Rg4 f5 32. Rgg3 Rc7 33. c4 Nf4 34. Rd2 Qh4 35. h3 Nh5 36. Rc3 Qf4 37. Nb5 Rc5 38. Nd4 Qxe5 39. Nc6 Qe1+ 40. Rd1 Qxf2 41. Nxb8 Nf4 42. Qc2 Ne2+ 43. Kb1 Nxc3+ 44. Qxc3 Qxg2 45. Nd7 Qe4+ 46. Ka2 Rxc4 47. Qd3 Qh4 48. Ne5 Re4 49. Nd7 Qf2 50. Qd2 Qa7 51. Qd3 Re3 52. Qd4 Qxd4 53. Rxd4 Rxh3 54. b4 e5 55. Nxe5 Re3 56. Nc4 Re2+ 57. Kb3 g5 58. b5 g4 59. b6 Re7 60. a4 g3 61. a5 g2 62. Rd1 f4 63. Nd2 Rd7 64. Rg1 Rxd2 65. b7 Rd8 66. Rxg2+ Kf7 67. a6 Rb8 68. Kc4 Ke7 69. Rb2 Rxb7 70. axb7 1-0